 Dungeon Crawl Stone Soup version 0.27.0-1-g7a089689b8 (webtiles) character file.

Game seed: 18226236360941621472

32 robertstho the Magician (level 3, -1/26 HPs)
             Began as a Djinni Fire Elementalist on Aug 9, 2021.
             Slain by a jackal (3 damage)
             ... on level 1 of the Dungeon.
             The game lasted 00:01:38 (842 turns).

robertstho the Magician (Djinni Fire Elementalist)   Turns: 842, Time: 00:01:39

Health: -1/26      AC:  2    Str:  7    XL:     3   Next: 42%
Gold:   0          EV: 12    Int: 17    God:
                   SH:  0    Dex: 13

rFire    + + .     SeeInvis .   b - +0 dagger (freeze)
rCold    x . .     Faith    .   (no shield)
rNeg     . . .     Spirit   .   a - +0 robe
rPois    ∞         Reflect  .   (no helmet)
rElec    .         Harm     .   (no cloak)
rCorr    .         Rampage  .   (no gloves)
Will     .....                  (boots unavailable)
Stlth    ++........             (no amulet)
HPRegen  0.08/turn              (no ring)
MPRegen  0.00/turn              (no ring)

@: flying
A: sickness immunity, fire resistance 2, cold vulnerability 1, float, innate
caster, hp casting, extra vitality 1
a: no special abilities


You were on level 1 of the Dungeon.
You visited 1 branch of the dungeon, and saw 1 of its levels.

Inventory:

Hand Weapons
 b - a +0 dagger of freezing (weapon)
Armour
 a - a +0 robe (worn)


   Skills:
 * Level 0.9 Fighting
 + Level 2.2 Dodging
 + Level 1.6 Stealth
 * Level 3.1 Spellcasting


You couldn't memorise any spells.
You knew the following spells:

 Your Spells              Type           Power      Damage    Failure   Level
a - Foxfire               Conj/Fire      52%        2x1d6     4%          1
b - Conjure Flame         Conj/Fire      13%        6-21      14%         3
c - Inner Flame           Hex/Fire       13%        N/A       14%         3
d - Sticky Flame          Conj/Fire      13%        2d4       43%         4
e - Fireball              Conj/Fire      6%         3d5       78%         5
f - Apportation           Tloc           26%        N/A       4%          1
Your spell library was empty.

Dungeon Overview and Level Annotations

Branches:
Dungeon (1/15)

Altars:


Innate Abilities, Weirdness & Mutations

You are immune to sickness and miasma.
You are immune to poison.
Your flesh is very heat resistant. (rF++)
You are vulnerable to cold. (rC-)
You float through the air rather than walking.
You learn spells naturally, not from books.
Your magical power is your life essence.
You have superior vitality. (+4 HP)


Message History

The jackal misses you.
It was a potion of flight.
You feel more buoyant. The jackal bites you.
* * * LOW HITPOINT WARNING * * *
The jackal bites the fungus.
The fungus begins to die.
You hit the jackal but do no damage. The jackal barely misses you.
The jackal bites the fungus.
The fungus begins to die.
You hit the jackal but do no damage. The jackal barely misses you.
The jackal completely misses the fungus.
The rat bites the fungus.
The jackal misses you. The jackal bites you.
* * * LOW HITPOINT WARNING * * *
A nearby fungus withers and dies.
A nearby fungus withers and dies.
The jackal closely misses you.
You hit the jackal but do no damage.
The jackal bites the plant.
The plant begins to die.
The jackal closely misses you.
The rat bites the plant.
You barely miss the jackal.
The jackal bites the plant.
The jackal closely misses you.
The jackal bites the plant.
The rat bites the plant.
You hit the jackal but do no damage. The jackal closely misses you.
The jackal bites the plant.
The jackal bites you but does no damage.
The rat twitches its whiskers.
The rat bites the plant.
You hit the jackal but do no damage.
The jackal bites the plant.
The jackal misses you.
The jackal bites the plant.
The rat bites the plant.
You hit the jackal but do no damage.
A nearby plant withers and dies.
The jackal barely misses you. The jackal closely misses you.
You hit the jackal but do no damage. The jackal barely misses you.
You closely miss the jackal. The jackal bites you.
* * * LOW HITPOINT WARNING * * *
You barely miss the jackal. The jackal misses you.
The rat twitches its whiskers.
The jackal barely misses you.
You completely miss the jackal. The jackal closely misses you.
You closely miss the jackal. The jackal bites you.
You die...

#w##..#.P.#P#...#..#
#..#..#.#.#P#.#.#..#
##....P....P.......# ..
##...#.#.#P#.#.#..######..#
#.r.#...#_#...#.÷.#.....#
#...#.#.#.#.#.#....)###
#....PP.PP.h..P..#....######
#..w#.#.#P#h#r#.............
#...#...#P#@P.#...##########
#..#############..#
#..†.......rh.h...#
#.....#########...# #######
#####


You could see 2 jackals and a rat.

Vanquished Creatures
  A gnoll (D:1)
  2 endoplasms (D:1)
  A goblin (D:1)
  A hobgoblin (D:1)
  5 jackals (D:1)
  A quokka (D:1)
  4 ball pythons (D:1)
  2 frilled lizards (D:1)
  2 kobolds (D:1)
  A rat (D:1)
20 creatures vanquished.

Vanquished Creatures (collateral kills)
  3 foxfires (D:1)
3 creatures vanquished.

Vanquished Creatures (others)
  64 foxfires (D:1)
  2 fungi (D:1)
  2 plants (D:1)
68 creatures vanquished.

Grand Total: 91 creatures vanquished

Notes
Turn   | Place    | Note
-------+----------+-------------------------------------------
     0 | D:1      | robertstho the Djinni Fire Elementalist began the quest for
                  | the Orb.
     0 | D:1      | Reached XP level 1. HP: 15/15 MP: 0/0
   305 | D:1      | Reached XP level 2. HP: 17/22 MP: 0/0
   529 | D:1      | Reached skill level 3 in Spellcasting
   534 | D:1      | Reached XP level 3. HP: 22/26 MP: 0/0
   534 | D:1      | Learned a level 1 spell: Apportation
   731 | D:1      | Found a faded altar of an unknown god.
   839 | D:1      | HP: 1/26 [jackal (1)]
   842 | D:1      | Slain by a jackal

Illustrated notes

Levels and vault maps discovered:
D:1:      scummos_arrival_hexagon, layout_rooms,
          shapermc_ecumenical_altar_mp_urbaneastern, serial_shops,
          nicolae_shop_statue_plus, hex_intersection, kennysheep_minor_cross

Skill      XL: |  1  2 |
---------------+-------+-----
Spellcasting   | 3 |  3.1
Fighting       | |  0.9
Dodging        | |  2.2
Stealth        | |  1.6

Action                   || total
-------------------------++-------
Melee: Dagger            ||    17
 Cast: Foxfire           ||    45
  Use: Scroll            ||     1
       Potion            ||     1
Armor: Robe              ||     7
Dodge: Dodged            ||    50
